 Dungeon Crawl Stone Soup version 0.19.3-4-gbf9329e (webtiles) character file.

1544 Naow the Infuser (level 8, -3/41 HPs)
             Began as a Deep Elf Conjurer on Jan 26, 2017.
             Slain by an orc warrior
             ... wielding a +0 flail
              (24 damage)
             ... on level 5 of the Dungeon.
             The game lasted 00:12:37 (7586 turns).

Naow the Infuser (Deep Elf Conjurer)                Turns: 7586, Time: 00:12:37

Health: -3/41      AC:  6    Str:  9    XL:     8   Next: 56%
Magic:  1/20       EV: 17    Int: 23    God:
Gold:   291        SH:  0    Dex: 18    Spells: 5 memorised, 5 levels left

rFire  . . .     SeeInvis .     O - +6 morningstar of Winoix {crush, Fragile Str+4 Dex+3}
rCold  . . .     Gourm    .     a - +0 robe
rNeg   . . .     Faith    .     (no shield)
rPois  .         Spirit   .     l - +2 hat
rElec  .         Reflect  .     n - +0 cloak
rCorr  .         Harm     .     w - +0 pair of gloves
MR     .....                    (no boots)
Stlth  ++........               (no amulet)
                                (no ring)
                                N - +1 ring of evasion

@: no status effects
A: no striking features
a: no special abilities


You were on level 5 of the Dungeon.
You were hungry.

You visited 2 branches of the dungeon, and saw 6 of its levels.
You also visited: Sewer and Ossuary.

You collected 291 gold pieces.

Inventory:

Hand Weapons
 O - the +6 morningstar of Winoix (weapon) {crush, Fragile Str+4 Dex+3}
   (You found it on level 5 of the Dungeon)

   It inflicts extra damage upon your enemies.
   It affects your strength (+4).
   It affects your dexterity (+3).
   It will be destroyed if unequipped.
Armour
 a - a +0 robe (worn)
 l - a +2 hat (worn)
 n - a +0 cloak (worn)
 w - a +0 pair of gloves (worn)
Magical Staves
 L - an uncursed staff of fire
Jewellery
 N - a +1 ring of evasion (left hand)
Wands
 o - a wand of polymorph (8/24)
 q - a wand of teleportation (3/9)
 y - a wand of paralysis (5/24)
 C - a wand of digging (13/24)
 J - a wand of slowing (14/48)
 P - a wand of flame (33/48)
 Q - a wand of flame (21/48)
Scrolls
 d - 8 scrolls of identify {unknown}
 e - 4 scrolls of amnesia {unknown}
 f - a scroll of magic mapping {unknown}
 h - a scroll of fear {unknown}
 j - a scroll of enchant weapon {unknown}
 m - a scroll of immolation {unknown}
 p - 3 scrolls of random uselessness {unknown}
 r - 7 scrolls of remove curse {unknown}
 A - 2 scrolls of fog {unknown}
 M - 2 scrolls of teleportation {unknown}
 T - a scroll of noise {unknown}
Potions
 g - 7 potions of curing {unknown}
 k - 5 potions of might {unknown}
 s - 2 potions of haste {unknown}
 t - a potion of cure mutation {unknown}
 v - 5 potions of brilliance {unknown}
 x - 4 potions of flight {unknown}
 z - a potion of ambrosia {unknown}
 B - a potion of cancellation {unknown}
 D - 5 potions of degeneration {unknown}
 E - a potion of resistance {unknown}
 F - 2 potions of lignification {unknown}
 G - a potion of mutation {unknown}
 I - 4 potions of agility {unknown}
 K - a potion of heal wounds {unknown}
 R - a potion of berserk rage {unknown}
Books
 b - a book of Conjurations

   Spells                             Type                      Level
   a - Magic Dart                     Conjuration                  1
   b - Searing Ray                    Conjuration                  2
   c - Dazzling Spray                 Conjuration/Hexes            3
   d - Fulminant Prism                Conjuration/Hexes            4
   e - Iskenderun's Mystic Blast      Conjuration                  4
   f - Iskenderun's Battlesphere      Conjuration/Charms           5
 H - a book of Misfortune

   Spells                             Type                      Level
   a - Confusing Touch                Hexes                        1
   b - Confuse                        Hexes                        3
   c - Gell's Gravitas                Hexes/Translocation          3
   d - Petrify                        Transmutation/Earth          4
   e - Metabolic Englaciation         Hexes/Ice                    5
   f - Yara's Violent Unravelling     Hexes/Transmutation          5
Comestibles
 c - 8 bread rations
 i - 4 beef jerkies
 u - 2 meat rations
 S - a chunk of flesh


   Skills:
 + Level 5.3 Dodging
 - Level 2.4 Stealth
 + Level 7.2 Spellcasting
 + Level 8.1 Conjurations
 * Level 8.4 Charms


You had 5 spell levels left.
You knew the following spells:

 Your Spells              Type           Power        Failure   Level  Hunger
a - Magic Dart            Conj           ####         1%          1    None
b - Searing Ray           Conj           #####.       1%          2    None
c - Iskenderun's Battles  Conj/Chrm      #####...     10%         5    #####..
d - Iskenderun's Mystic   Conj           #####...     3%          4    ###....
e - Fulminant Prism       Conj/Hex       ####......   17%         4    ###....


Dungeon Overview and Level Annotations

Branches:
Dungeon (5/15)             Temple (1/1) D:4

Altars:
Cheibriados
Dithmenos
Elyvilon
Fedhas
Gozag
Hepliaklqana
Kikubaaqudgha
Makhleb
Okawaru
Ru
Sif Muna
Trog
Uskayaw
Xom
Yredelemnul
Zin
The Shining One


Message History

The orc warrior is lightly wounded. (Press . to maintain the ray.)
The searing ray hits the orc warrior.
The orc warrior is heavily wounded.
The orc warrior completely misses you.
The searing ray hits the orc warrior.
The orc warrior is heavily wounded.
The orc wizard closely misses you. The orc warrior hits you with a flail!!
The searing ray hits the orc warrior.
The orc warrior is almost dead.
You finish channeling your searing ray.
The orc wizard completely misses you.
Casting: Searing Ray
Confirm with . or Enter, or press ? or * to list all spells.
Aiming: Magic Dart
Press: ? - help, Shift-Dir - straight line The magic dart hits the orc warrior.
The orc warrior is almost dead.
The orc wizard closely misses you. The orc warrior hits you with a flail!!
Ouch! That really hurt!
You die...

........≈≈≈≈≈≈.....#.......##...#
........≈≈≈≈P...##[...#.........#
.........≈≈≈PP.##....#........###
.........≈≈≈≈≈..........##..###
>......^≈P≈≈≈...............#
.........≈P≈≈P.............##
.........≈≈≈≈..............#
#.........≈≈≈#......o......#
##.#.....#≈≈≈#..@####......#
#>.......#≈≈≈#.oo###.......#
.........##≈≈#...#..o......#
........###≈≈#....[##......#
##......# #≈≈##.##########.#
##......# #≈###.# #.# #.......#
### #o# ........# #.# #.......#
#.#


You could see an orc warrior, an orc wizard and an orc.

Vanquished Creatures
  The ghost of fatfloppyjuicyveiny the Nimble, a novice KoHu of Okawaru (D:5)
  Prince Ribbit (D:5)
  Eustachio (D:4)
  2 ogres (D:4)
  A crocodile (Sewer)
  A bullfrog (D:3)
  A scorpion (D:5)
  A crimson imp (D:5)
  A centaur skeleton (D:5)
  2 human zombies (Ossuary)
  Crazy Yiuf (D:2)
  A hound (D:4)
  Terence (D:2)
  Jessica (D:2)
  2 orc wizards
  2 worker ants
  5 mummies (Ossuary)
  6 adders
  A shadow imp (D:5)
  A worm (D:2)
  4 dart slugs
  10 leopard geckos
  22 orcs
  13 bats
  7 giant cockroaches
  A gnoll zombie (Ossuary)
  12 goblins
  8 hobgoblins
  9 jackals
  6 kobolds
  5 quokkas
  4 ball pythons
  6 frilled lizards
  2 goblin zombies (Ossuary)
  2 kobold zombies (Ossuary)
  An orc zombie (Ossuary)
  9 rats
154 creatures vanquished.

Notes
Turn   | Place    | Note
-------+----------+-------------------------------------------
     0 | D:1      | Naow the Deep Elf Conjurer began the quest for the Orb.
     0 | D:1      | Reached XP level 1. HP: 10/10 MP: 6/6
   397 | D:1      | Reached XP level 2. HP: 15/15 MP: 0/8
   741 | D:1      | Reached skill level 5 in Conjurations
  1089 | D:1      | Reached XP level 3. HP: 19/19 MP: 6/10
  1093 | D:1      | Learned a level 2 spell: Searing Ray
  1636 | D:2      | Noticed Terence
  1643 | D:2      | Killed Terence
  1717 | D:2      | Noticed Jessica
  1717 | D:2      | Reached XP level 4. HP: 20/24 MP: 2/12
  2082 | D:2      | Found a basalt altar of Yredelemnul.
  2160 | D:2      | Found a white marble altar of Elyvilon.
  2282 | D:2      | Found a snail-covered altar of Cheibriados.
  2586 | D:2      | Killed Jessica
  2776 | D:2      | Reached XP level 5. HP: 28/28 MP: 10/13
  2783 | D:2      | Learned a level 5 spell: Iskenderun's Battlesphere
  2788 | D:2      | Learned a level 4 spell: Iskenderun's Mystic Blast
  2849 | D:2      | Found a deep blue altar of Sif Muna.
  2968 | D:2      | Found a runed door.
  3069 | D:2      | Noticed Crazy Yiuf
  3073 | D:2      | Killed Crazy Yiuf
  3304 | D:3      | Reached skill level 5 in Spellcasting
  3817 | D:3      | Reached skill level 1 in Charms
  3935 | D:3      | Found a faded altar of an unknown god.
  4015 | D:3      | Reached XP level 6. HP: 32/32 MP: 9/15
  4283 | D:4      | Found an opulent altar of Gozag.
  4774 | D:4      | Found a sand-covered staircase.
  4784 | Ossuary  | Entered an ossuary
  5205 | Ossuary  | Reached XP level 7. HP: 22/36 MP: 5/17
  5476 | D:4      | Reached skill level 5 in Charms
  5601 | D:4      | Noticed Eustachio
  5610 | D:4      | Killed Eustachio
  5673 | D:4      | Found a sacrificial altar of Ru.
  5843 | D:4      | Found a staircase to the Ecumenical Temple.
  5855 | Temple   | Entered the Ecumenical Temple
  6161 | D:5      | Entered Level 5 of the Dungeon
  6424 | D:5      | Noticed fatfloppyjuicyveiny's ghost (novice KoHu)
  6447 | D:5      | Killed fatfloppyjuicyveiny's ghost
  6447 | D:5      | Reached XP level 8. HP: 33/41 MP: 4/20
  6829 | D:5      | Noticed Prince Ribbit
  6833 | D:5      | Got a brightly glowing morningstar
  6838 | D:5      | Found a glowing drain.
  6847 | Sewer    | Entered a sewer
  6906 | Sewer    | Learned a level 4 spell: Fulminant Prism
  6931 | Sewer    | Reached skill level 5 in Dodging
  7086 | D:5      | Identified the +6 morningstar of Winoix {crush, Fragile Str+4 Dex+3} (You found it on level 5 of the Dungeon)
  7105 | D:5      | Killed Prince Ribbit
  7197 | D:5      | Found a runed door.
  7586 | D:5      | Slain by an orc warrior

Skill      XL: |  1  2  3  4  5  6  7  8 |
---------------+-------------------------+-----
Conjurations   | 5 6 7 8 |  8.1
Spellcasting   | 4 5 6 7 |  7.2
Charms         | 2 4 7 8 |  8.4
Dodging        | 3 4 5 |  5.3
Stealth        | |  2.4

Action                   |  1- 3 |  4- 6 |  7- 9 || total
-------------------------+-------+-------+-------++-------
Melee: Unarmed           |     6 |       |       ||     6
 Cast: Magic Dart        |    64 |   178 |    92 ||   334
       Searing Ray       |     2 |    10 |    12 ||    24
       Iskenderun's Batt |       |       |     4 ||     4
  Eat: Chunk             |     2 |    10 |     7 ||    19
       Pizza             |       |       |     1 ||     1
Armor: Robe              |     1 |    11 |     9 ||    21
Dodge: Dodged            |    18 |    38 |    38 ||    94
